woodfighter, chaotic female human Barbarian ---- ----------- --..|--- --- --.|.......--- |...--.-- --.-- ------- |.....----...---.......-- |...---- ----.....--- --......| |............... --- |......-------..........| |......-- ---...%%......-- |.-- ---.---...................| --.....| |....)......-- --..-- |...| ----------...--.)^.-- |--..- ---.--.......-- |....---.--- ---------%| |...-- |...........-- --.......| -----oo.-----.--- ---.-...)....| ---...---- |.|.ooo.......| ..........| ----|--.|..-- |....@----------- --........- |..--.|.....--- ---- ---..... ....<..- |......... |..>^.........| |..-- ------ -...... --...---. --............--|...---- --- --........ --..| ----..........--......-- ---.---.....).... ...-- |...................| |...^............ .--- -..............--...-- |.|.............. ..--.-----............| ----.--......... .. --- ----------..-- -----.|.|.|. ---- ------- woodfighter the Pillager Experience level: 5 Strength: 18/01 Dexterity: 17 Constitution: 18 Intelligence: 7 Wisdom: 7 Charisma: 7 Health: 0(56) Energy: 12(12) Def: 10 Gold: 419 Moves: 2356 Dungeon seed: pYYLs55Dp-A6MQHR Game ID: woodfighter_1444920829 Your Inventory: Coins $ - 419 gold pieces Weapons a - a blessed +0 two-handed sword (alternate weapon; not wielded) b - a corroded +0 axe (weapon in hand) p - 10 +0 daggers (in quiver) Armor n - an uncursed +0 dwarvish cloak v - an uncursed +0 pair of iron shoes (being worn) w - an uncursed +0 pair of iron shoes z - an uncursed +0 dwarvish cloak (being worn) I - an uncursed +0 dwarvish cloak K - an uncursed +0 dwarvish cloak L - an uncursed +0 dwarvish iron helm M - an uncursed +0 pair of iron shoes N - an uncursed +0 dwarvish iron helm (being worn) R - an uncursed +0 dwarvish cloak Y - an uncursed +0 dwarvish mithril-coat (being worn) Comestibles c - 4 uncursed food rations j - an uncursed sprig of wolfsbane V - an uncursed pizza Scrolls l - 2 uncursed scrolls of enchant weapon P - an uncursed scroll of light Potions d - a potion of unholy water i - a cursed potion of full healing o - an uncursed potion of invisibility t - an uncursed potion of oil C - a cursed potion of extra healing Rings f - an uncursed +2 ring of increase damage k - a blessed +2 ring of protection Wands h - a wand of light (0:12) Q - a wand of magic missile (0:4) Tools e - an uncursed towel s - an uncursed oil lamp (lit) (0:709) F - an uncursed stethoscope G - 7 uncursed tallow candles (0:200) H - 7 uncursed wax candles (0:400) J - a +0 pick-axe O - an uncursed magic whistle Gems q - 3 uncursed worthless pieces of black glass r - an uncursed chrysoberyl stone x - an uncursed worthless piece of green glass y - an uncursed worthless piece of orange glass A - 2 uncursed worthless pieces of violet glass B - an uncursed worthless piece of blue glass E - 2 uncursed worthless pieces of yellowish brown glass U - an uncursed agate stone Spells and supernatural/magical abilities: Name Level Category Fail Memory W - pray for help -- divine ? -- Your skills at the end: Miscellaneous Skills bare handed combat [Basic] Weapon Skills axe [Basic] two-handed sword [Basic] Spellcasting Skills Final Attributes: You were piously aligned. You were poison resistant. You were telepathic. You are dead. Vanquished creatures: 4 gnome lords a little dog a floating eye 5 dwarves 3 hill orcs 2 hobbits an acid blob a large kobold 4 geckos 5 giant rats 14 gnomes 8 jackals 3 newts a goblin 2 sewer rats 3 grid bugs a bat 3 lichens 62 creatures vanquished. Voluntary challenges: You did not adorn yourself with jewelry or accessories. You used a wielded weapon 80 times, starting on turn 4. You did not apply a unicorn horn. You were illiterate. You never genocided any monsters. You never polymorphed an object. You never changed form. You used no wishes. You never split a pudding. You never wrote Elbereth's name. You never violated your personal moral code. Dungeon overview: The Dungeons of Doom: levels 1 to 4 Level 1 a fountain a long staircase Level 2 an altar to Set Level 3 stairs to The Gnomish Mines Level 4 The Gnomish Mines: levels 4 to 6 Level 4 stairs to The Dungeons of Doom Level 5 <- You were here Level 6 History has recorded: On T:1 you entered the Dungeons of Doom to retrieve the Amulet of Yendor! On T:266 you reached level 2 of The Dungeons of Doom. On T:440 you advanced to experience level 2. On T:681 you advanced to experience level 3. On T:707 you reached level 3 of The Dungeons of Doom. On T:1013 you reached level 1 of The Gnomish Mines. On T:1298 you reached level 4 of The Dungeons of Doom. On T:1501 you advanced to experience level 4. On T:1512 you reached level 2 of The Gnomish Mines. On T:1900 you advanced to experience level 5. On T:2149 you reached level 3 of The Gnomish Mines. Score breakdown: Gold: 419 ( 41 points) Experience: 5 levels ( 400 points) Exploration: 6 levels ( 150 points) Discoveries: 4 items ( 200 points) Variety of kills: 18 monsters ( 900 points) Major goal: (nothing yet) ( 0 points) Survival: died (score multiplied by 3) Total score: 5073 Latest messages: o - an uncursed black potion. t - an uncursed potion of oil. k - a blessed bronze ring. s - an uncursed lamp. y - an uncursed orange gem. r - an uncursed yellow gem. You smite the hill orc! The hill orc hits! The hill orc wields an orcish dagger! The hill orc swings her scimitar. The hill orc hits! You die... Final status: Goodbye woodfighter the Barbarian, killed by a hill orc... You died in The Gnomish Mines on dungeon level 5 with 5073 points, and 419 pieces of gold, after 2356 moves. You were level 5 with a maximum of 56 hit points when you died.